 Dungeon Crawl Stone Soup version 0.30-a0-377-g5cb311bc9f (webtiles) character file.

Game seed: 14376471850033313932

42 Decritt the Magician (level 3, -2/28 HPs)
             Began as a Djinni Earth Elementalist on Nov 28, 2022.
             Killed by nerve-wracking pain
             ... invoked by Grinder
              (14 damage)
             ... on level 3 of the Dungeon.
             The game lasted 00:04:39 (1680 turns).

Decritt the Magician (Djinni Earth Elementalist)    Turns: 1680, Time: 00:04:39

Health: -2/28      AC:  3    Str:  7    XL:     3   Next: 77%
Gold:   167        EV: 16    Int: 18    God:
                   SH:  5    Dex: 13

rFire   + + .      SeeInvis .    q - staff of poison
rCold   x . .      Faith    .    (no shield)
rNeg    . . .      Spirit   .    a - +0 robe
rPois   ∞          Reflect  +    (no helmet)
rElec   .          Harm     .    (no cloak)
rCorr   .          Rampage  .    o - +0 pair of gloves
Will    .....                    (boots unavailable)
Stlth   ++........               d - amulet of reflection
HPRegen 0.24/turn                c - +4 ring of evasion
MPRegen 0.00/turn                (no ring)

@: flying
A: sickness immunity, fire resistance 2, cold vulnerability 1, float, innate
caster, HP casting, extra vitality 1
a: no special abilities


You were on level 3 of the Dungeon.
You visited 1 branch of the dungeon, and saw 3 of its levels.

You collected 167 gold pieces.

Inventory:

Armour
 a - a +0 robe (worn)
 o - a +0 pair of gloves (worn)
Magical Staves
 q - a staff of poison (weapon)
Jewellery
 c - a +4 ring of evasion (left hand)
 d - an amulet of reflection (around neck)
 p - a ring of resist corrosion
Scrolls
 b - a scroll of teleportation {unknown}
 e - a scroll of fog {unknown}
 f - a scroll of enchant weapon {unknown}
 i - a scroll of magic mapping {unknown}
 k - 2 scrolls of identify {unknown}
 n - a scroll of poison {unknown}
Potions
 g - 2 potions of brilliance {unknown}
 h - a potion of attraction {unknown}
 j - a potion of heal wounds {unknown}
 l - a potion of haste {unknown}
 m - a potion of magic {unknown}


   Skills:
 + Level 2.0 Fighting
 - Level 2.1 Dodging
 - Level 1.5 Stealth
 + Level 3.0 Spellcasting


You couldn't memorise any spells.
You knew the following spells:

 Your Spells              Type           Power      Damage    Failure   Level
a - Sandblast             Erth           26%        2d8       4%          1
b - Stone Arrow           Conj/Erth      26%        3d8       14%         3
c - Sting                 Tmut/Pois      80%        1d7       4%          1
d - Petrify               Tmut/Erth      13%        N/A       43%         4
p - Passwall              Tmut/Erth      10%        N/A       7%          2
Your spell library was empty.

Dungeon Overview and Level Annotations

Branches:
Dungeon (3/15)

Altars:

Annotations:
D:3 Grinder


Innate Abilities, Weirdness & Mutations

You are immune to sickness and miasma.
You are immune to poison.
Your flesh is very heat resistant. (rF++)
You are vulnerable to cold. (rC-)
You float through the air rather than walking.
You learn spells naturally, not from books.
Your magical power is your life essence.
You have superior vitality. (+4 MHP)


Message History

Unknown command.
Casting: Sandblast (safe; 4% risk of failure)
Confirm with . or Enter, or press ? or * to list all spells.
Aiming: Sandblast (safe; 4% risk of failure)
Press: ? - help, Shift-Dir - straight line, f/p - Grinder
Aim: Grinder (moderately wounded, 80% to hit)
The blast of sand hits Grinder.
Grinder is moderately wounded.
Grinder hits you!
You writhe in agony.
* * * LOW HITPOINT WARNING * * *
Grinder hits you but does no damage.
Casting: Sandblast (safe; 4% risk of failure)
Confirm with . or Enter, or press ? or * to list all spells.
Aiming: Sandblast (safe; 4% risk of failure)
Press: ? - help, Shift-Dir - straight line, f/p - Grinder
Aim: Grinder (moderately wounded, 80% to hit)
The blast of sand hits Grinder.
Grinder is heavily wounded.
* * * LOW HITPOINT WARNING * * *
Grinder closely misses you.
Casting: Sandblast (safe; 4% risk of failure)
Confirm with . or Enter, or press ? or * to list all spells.
Aiming: Sandblast (safe; 4% risk of failure)
Press: ? - help, Shift-Dir - straight line, f/p - Grinder
Aim: Grinder (heavily wounded, 80% to hit)
The blast of sand misses Grinder.
* * * LOW HITPOINT WARNING * * *
You block Grinder's attack. Grinder completely misses you.
Casting: Sandblast (safe; 4% risk of failure)
Confirm with . or Enter, or press ? or * to list all spells.
Aiming: Sandblast (safe; 4% risk of failure)
Press: ? - help, Shift-Dir - straight line, f/p - Grinder
Aim: Grinder (heavily wounded, 80% to hit)
The blast of sand hits Grinder!
Grinder is severely wounded.
* * * LOW HITPOINT WARNING * * *
Grinder gestures at you. Pain shoots through your body!
Ouch! That really hurt!
You die...

##### #########.# #...# #
##...# #.# #...# ...#.###
######.# ##...#####
....†..# #...##.#
#......... .##.##.#
#......# ##.#######.
.##.##.####...#### ###..#
#. .##..........##
####....# #.
.#####.###########....>..#
#. .# #.# #.@.....#..# #.
.. ..# #5##.##.#..# #. ##
#### #. #....#..# ## #.
#.##.##.. #. #.##.##... #.
...... .#.. ## ..#### ...
.###


You could see Grinder.

Vanquished Creatures
  An adder (D:2)
  A dart slug (D:2)
  2 bats (D:2)
  7 endoplasms
  A giant cockroach (D:3)
  A goblin (D:2)
  2 hobgoblins (D:2)
  3 quokkas (D:3)
  A ball python (D:2)
  6 kobolds
  A rat (D:1)
26 creatures vanquished.

Notes
Turn   | Place    | Note
-------+----------+-------------------------------------------
     0 | D:1      | Decritt the Djinni Earth Elementalist began the quest for
                  | the Orb.
     0 | D:1      | Decritt set off with the following spells memorised:
                  | Sandblast, Passwall, Stone Arrow, Petrify.
     0 | D:1      | Reached XP level 1. HP: 15/15 MP: 0/0
   388 | D:1      | Found a faded altar of an unknown god.
   554 | D:2      | Reached skill level 1 in Fighting
   554 | D:2      | Reached XP level 2. HP: 21/22 MP: 0/0
  1216 | D:2      | Reached XP level 3. HP: 25/27 MP: 0/0
  1216 | D:2      | Learned a level 1 spell: Sting
  1471 | D:3      | Reached skill level 3 in Spellcasting
  1672 | D:3      | Noticed Grinder
  1673 | D:3      | Paralysed by Grinder for 3 turns
  1680 | D:3      | Killed from afar by Grinder

Illustrated notes

Levels and vault maps discovered:
D:1:      dreamdust_arrival_sigmund_warning, layout_loops_cross,
          shapermc_ecumenical_altar_hornbeckon
D:2:      layout_basic
D:3:      layout_loops_cross, minmay_increasing_density, uniq_grinder

Skill      XL: |  1  2  3 |
---------------+----------+-----
Fighting       | 1 2 |  2.0
Spellcasting   | 3 |  3.0
Dodging        | |  2.1
Stealth        | |  1.5

Action                   || total
-------------------------++-------
Melee: Unarmed           ||    12
 Cast: Sandblast         ||    44
Armor: Robe              ||     4
Dodge: Dodged            ||    18
Block: Other             ||     4

Table legend: (Time is in decaauts)
 A = Elapsed time spent in this place.
 B = Non-inter-level travel time spent in this place.
 C = Inter-level travel time spent in this place.
 D = Time resting spent in this place.
 E = Time spent auto-exploring this place.
 F = Levels seen in this place.
 G = Mean time per level.
                   A        B        C        D        E       F      G
               +--------+--------+--------+--------+--------+-----+--------+
         Total |   1698 |   1682 |     16 |      0 |   1467 |   3 |  566.0 |
       Dungeon |   1698 |   1682 |     16 |      0 |   1467 |   3 |  566.0 |
               +--------+--------+--------+--------+--------+-----+--------+

Top non-repeatable levels by time:
     D:2: 777 daAuts
     D:1: 549 daAuts
     D:3: 371 daAuts
